SL
COLUMBUS TIDAL WAVES @ ATHLETIC CLUB KC
08/13/2019
 
TOP OF THE 1ST
Columbus Tidal Waves batting - Pitching for Athletic Club KC Athletics : RHP Torvald Geertsen
Pitching: RHP Torvald Geertsen
Batting: RHB Joseph Pate 0-0: Called Strike
0-1: Foul Ball, location: 2F
0-2: Foul Ball, location: 2F
0-2: Foul Ball, location: 2F
0-2: Strikes out swinging
Batting: LHB Do-hyung Nam 0-0: Ball
1-0: Called Strike
1-1: Ball
2-1: Ball
3-1: Foul Ball, location: 2F
3-2: Base on Balls
Batting: LHB Jon MacIntyre 0-0: Called Strike
0-1: Swinging Strike
0-2: Ball
1-2: SINGLE (Groundball, 5D)
Do-hyung Nam to second
Batting: RHB Pepe Gómez 0-0: Foul Ball, location: 2F
0-1: Ball
1-1: Ball
2-1: Ball
3-1: SINGLE (Line Drive, 4D)
Do-hyung Nam to third
Jon MacIntyre to second
Runner from 3rd tries for Home, SAFE, throw made home
Batting: LHB James Murray 0-0: Swinging Strike
0-1: SINGLE (Line Drive, 9S)
Jon MacIntyre to third
Pepe Gómez to second
Batting: RHB Florian Cesaresco 0-0: Ball
1-0: Foul Ball, location: 2F
1-1: Ball
2-1: Ball
3-1: Swinging Strike
3-2: Foul Ball, location: 2F
3-2: Base on Balls
Jon MacIntyre scores
Pepe Gómez to third
James Murray to second
Batting: LHB Trent Kershaw 0-0: Called Strike
0-1: Ball
1-1: Foul Ball, location: 2F
1-2: Ball
2-2: Fielders Choice at 2nd, 6-4 (Groundball, 6M)
Pepe Gómez scores
James Murray to third
Batting: RHB Joaquín Parra 0-0: Called Strike
0-1: Ball
1-1: Ball
2-1: Foul Ball, location: 2F
2-2: Strikes out swinging
Top of the 1st over - 3 run(s), 3 hit(s), 0 error(s), 2 left on base; Columbus 3 - Athletic Club KC 0
BOTTOM OF THE 1ST
Athletic Club KC Athletics batting - Pitching for Columbus Tidal Waves : RHP Bill Fletcher
Pitching: RHP Bill Fletcher
Now at C: Juan Alvarado
Batting: SHB David Henderson 0-0: Called Strike
0-1: TRIPLE (Flyball, 8LXD)
Batting: RHB Jorge Trevino 0-0: 2-RUN HOME RUN (Flyball, 7LD), Distance : 372 ft
Batting: LHB Chris Rice 0-0: Ball
1-0: Ball
2-0: Foul Ball, location: 2F
2-1: SINGLE (Groundball, 4MD)
Batting: RHB Ramón Souza 0-0: Ball
1-0: Called Strike
1-1: Foul Ball, location: 2F
1-2: Foul Ball, location: 2F
1-2: SINGLE (Line Drive, 34)
Chris Rice to second
Batting: LHB Bob Davis 0-0: Foul Ball, location: 2F
0-1: Called Strike
0-2: Ball
1-2: SINGLE (Flyball, 9S)
Chris Rice to third
Ramón Souza to second
Batting: RHB Cory Staton 0-0: Called Strike
0-1: Swinging Strike
0-2: Foul Ball, location: 2F
0-2: Ball
1-2: Ball
2-2: Ground out 5-3 (Groundball, 5S)
Chris Rice scores
Ramón Souza to third
Bob Davis to second
Batting: LHB Emílio Sáenz 0-0: Foul Ball, location: 2F
0-1: Foul Ball, location: 2F
0-2: Ball
1-2: SINGLE (Line Drive, 56D)
Ramón Souza scores
Bob Davis to third
Batting: LHB Lawrence Washington 0-0: Called Strike
0-1: Ball
1-1: Called Strike
1-2: Foul Ball, location: 2F
1-2: Fly out, F5 (Popup, 5S)
Batting: RHB Torvald Geertsen 0-0: Ball
1-0: Foul Ball, location: 2F
1-1: Foul Ball, location: 2F
1-2: Foul Ball, location: 2F
1-2: Ground out 1-3 (Groundball, 15)
Bottom of the 1st over - 4 run(s), 6 hit(s), 0 error(s), 2 left on base; Columbus 3 - Athletic Club KC 4
TOP OF THE 2ND
Columbus Tidal Waves batting - Pitching for Athletic Club KC Athletics : RHP Torvald Geertsen
Pinch Hitting: RHB Justin Maldonado 0-0: Ball
1-0: Called Strike
1-1: Ground out 6-3 (Groundball, 56)
Batting: RHB Joseph Pate 0-0: Fly out, F8 (Line Drive, 8RS)
Batting: RHB Juan Alvarado 0-0: Ball
1-0: Foul Ball, location: 2F
1-1: Ground out 5-3 (Groundball, 5L)
Top of the 2nd over - 0 run(s), 0 hit(s), 0 error(s), 0 left on base; Columbus 3 - Athletic Club KC 4
BOTTOM OF THE 2ND
Athletic Club KC Athletics batting - Pitching for Columbus Tidal Waves : RHP Bill Fletcher
Pitching: RHP Bill Jensen
Batting: SHB David Henderson 0-0: Fly out, F9 (Flyball, 9D)
Batting: RHB Jorge Trevino 0-0: Called Strike
0-1: Ground out 6-3 (Groundball, 6M)
Batting: LHB Chris Rice 0-0: Called Strike
0-1: Called Strike
0-2: Foul Ball, location: 2F
0-2: SOLO HOME RUN (Line Drive, 9D), Distance : 382 ft
Batting: RHB Ramón Souza 0-0: Ball
1-0: Foul Ball, location: 2F
1-1: Ball
2-1: Ball
3-1: Base on Balls
Batting: LHB Bob Davis 0-0: Ball
1-0: Called Strike
1-1: Foul Ball, location: 2F
1-2: Ball
2-2: Strikes out swinging
Bottom of the 2nd over - 1 run(s), 1 hit(s), 0 error(s), 1 left on base; Columbus 3 - Athletic Club KC 5
TOP OF THE 3RD
Columbus Tidal Waves batting - Pitching for Athletic Club KC Athletics : RHP Torvald Geertsen
Batting: LHB Jon MacIntyre 0-0: Ball
1-0: Fly out, F8 (Flyball, 8RM)
Batting: RHB Pepe Gómez 0-0: Ball
1-0: Ball
2-0: Called Strike
2-1: Foul Ball, location: 2F
2-2: Ball
3-2: Foul Ball, location: 2F
3-2: Strikes out swinging
Batting: LHB James Murray 0-0: Ball
1-0: SOLO HOME RUN (Flyball, 89XD), Distance : 413 ft
Batting: RHB Florian Cesaresco 0-0: Ball
1-0: Called Strike
1-1: Ball
2-1: Ball
3-1: Fly out, F9 (Flyball, 89S)
Top of the 3rd over - 1 run(s), 1 hit(s), 0 error(s), 0 left on base; Columbus 4 - Athletic Club KC 5
BOTTOM OF THE 3RD
Athletic Club KC Athletics batting - Pitching for Columbus Tidal Waves : RHP Bill Jensen
Batting: RHB Cory Staton 0-0: Foul Ball, location: 2F
0-1: Ground out 4-3 (Groundball, 4M)
Batting: LHB Emílio Sáenz 0-0: Ball
1-0: Foul Ball, location: 2F
1-1: Foul Ball, location: 2F
1-2: Foul Ball, location: 2F
1-2: Fly out, F2 (Popup, 2RF)
Batting: LHB Lawrence Washington 0-0: Ball
1-0: Swinging Strike
1-1: Ball
2-1: Foul Ball, location: 2F
2-2: Ball
3-2: Strikes out swinging
Bottom of the 3rd over - 0 run(s), 0 hit(s), 0 error(s), 0 left on base; Columbus 4 - Athletic Club KC 5
TOP OF THE 4TH
Columbus Tidal Waves batting - Pitching for Athletic Club KC Athletics : RHP Torvald Geertsen
Batting: LHB Trent Kershaw 0-0: Ground out U3 (Groundball, 3L)
Batting: RHB Joaquín Parra 0-0: Swinging Strike
0-1: Ball
1-1: Called Strike
1-2: Ball
2-2: Foul Ball, location: 2F
2-2: Strikes out looking
Batting: RHB Bill Jensen 0-0: Ball
1-0: Swinging Strike
1-1: Ball
2-1: Ground out 1-3 (Groundball, 15S)
Top of the 4th over - 0 run(s), 0 hit(s), 0 error(s), 0 left on base; Columbus 4 - Athletic Club KC 5
BOTTOM OF THE 4TH
Athletic Club KC Athletics batting - Pitching for Columbus Tidal Waves : RHP Bill Jensen
Batting: RHB Torvald Geertsen 0-0: Ball
1-0: Called Strike
1-1: Ball
2-1: Swinging Strike
2-2: Foul Ball, location: 2F
2-2: Ball
3-2: Ground out 4-3 (Groundball, 34)
Batting: SHB David Henderson 0-0: Ball
1-0: Fly out, F9 (Flyball, 8RM)
Batting: RHB Jorge Trevino 0-0: Ball
1-0: Called Strike
1-1: SINGLE (Groundball, 56)
Batting: LHB Chris Rice 0-0: Called Strike
0-1: Ball
1-1: Foul Ball, location: 2F
1-2: Ball
Jorge Trevino steals 2nd base
2-2: Ball
3-2: SINGLE (Line Drive, 4MD)
Jorge Trevino to third
Jorge Trevino scores
Batting: RHB Ramón Souza 0-0: Ball
1-0: Ball
2-0: Ball
3-0: Called Strike
3-1: Called Strike
3-2: Base on Balls
Chris Rice to second
Pitching: RHP Mike Warren
Batting: LHB Bob Davis 0-0: Called Strike
0-1: Ball
1-1: Called Strike
1-2: Ball
2-2: Ball
3-2: Fly out, F8 (Flyball, 8LXD)
Bottom of the 4th over - 1 run(s), 2 hit(s), 0 error(s), 2 left on base; Columbus 4 - Athletic Club KC 6
TOP OF THE 5TH
Columbus Tidal Waves batting - Pitching for Athletic Club KC Athletics : RHP Torvald Geertsen
Batting: RHB Joseph Pate 0-0: Called Strike
0-1: Swinging Strike
0-2: Ball
1-2: Ball
2-2: Ball
3-2: Foul Ball, location: 2F
3-2: Strikes out swinging
Batting: RHB Juan Alvarado 0-0: Called Strike
0-1: Ball
1-1: Foul Ball, location: 2F
1-2: Foul Ball, location: 2F
1-2: Ground out 5-3 (Groundball, 5L)
Batting: LHB Jon MacIntyre 0-0: Ball
1-0: Ball
2-0: Ground out 3-1 (Groundball, 34)
Top of the 5th over - 0 run(s), 0 hit(s), 0 error(s), 0 left on base; Columbus 4 - Athletic Club KC 6
BOTTOM OF THE 5TH
Athletic Club KC Athletics batting - Pitching for Columbus Tidal Waves : RHP Mike Warren
Batting: RHB Cory Staton 0-0: Ball
1-0: Ball
2-0: SINGLE (Popup, 89S)
Batting: LHB Emílio Sáenz 0-0: Swinging Strike
0-1: Foul Ball, location: 2F
0-2: Strikes out looking
Batting: LHB Lawrence Washington 0-0: Foul Ball, location: 2F
0-1: Foul Ball, location: 2F
0-2: Fly out, F7 (Flyball, 78M)
Batting: RHB Torvald Geertsen 0-0: Ball
1-0: Ball
2-0: Called Strike
2-1: Ground out 1-3 (Groundball, 25)
Bottom of the 5th over - 0 run(s), 1 hit(s), 0 error(s), 1 left on base; Columbus 4 - Athletic Club KC 6
TOP OF THE 6TH
Columbus Tidal Waves batting - Pitching for Athletic Club KC Athletics : RHP Torvald Geertsen
Batting: RHB Pepe Gómez 0-0: Foul Ball, location: 2F
0-1: Swinging Strike
0-2: Strikes out swinging
Batting: LHB James Murray 0-0: Ball
1-0: Ground out 4-3 (Groundball, 34)
Batting: RHB Florian Cesaresco 0-0: Ball
1-0: Foul Ball, location: 2F
1-1: Foul Ball, location: 2F
1-2: Foul Ball, location: 2F
1-2: Ball
2-2: Ground out 4-3 (Groundball, 4M)
Top of the 6th over - 0 run(s), 0 hit(s), 0 error(s), 0 left on base; Columbus 4 - Athletic Club KC 6
BOTTOM OF THE 6TH
Athletic Club KC Athletics batting - Pitching for Columbus Tidal Waves : RHP Mike Warren
Batting: SHB David Henderson 0-0: Ball
1-0: Ball
2-0: Fly out, F7 (Flyball, 7M)
Batting: RHB Jorge Trevino 0-0: Ball
1-0: Ball
2-0: Reached on error, E6 (Groundball, 6)
Batting: LHB Chris Rice 0-0: Swinging Strike
0-1: Ball
1-1: Foul Ball, location: 2F
1-2: Strikes out swinging
Batting: RHB Ramón Souza 0-0: Foul Ball, location: 2F
0-1: Called Strike
0-2: Ball
1-2: Ball
2-2: Strikes out swinging
Bottom of the 6th over - 0 run(s), 0 hit(s), 1 error(s), 1 left on base; Columbus 4 - Athletic Club KC 6
TOP OF THE 7TH
Columbus Tidal Waves batting - Pitching for Athletic Club KC Athletics : RHP Torvald Geertsen
Batting: LHB Trent Kershaw 0-0: Ball
1-0: Ground out 6-3 (Groundball, 6)
Pitching: RHP Byron Rogers
Batting: RHB Joaquín Parra 0-0: Ground out 3-1 (Groundball, 34)
Pinch Hitting: RHB Cale Sutton 0-0: Foul Ball, location: 2F
0-1: Ground out 6-3 (Groundball, 6M)
Top of the 7th over - 0 run(s), 0 hit(s), 0 error(s), 0 left on base; Columbus 4 - Athletic Club KC 6
BOTTOM OF THE 7TH
Athletic Club KC Athletics batting - Pitching for Columbus Tidal Waves : RHP Mike Warren
Pitching: RHP Les Edwards
Batting: LHB Bob Davis 0-0: Called Strike
0-1: DOUBLE (Line Drive, 89D)
Batting: RHB Cory Staton 0-0: Ball
1-0: DOUBLE (Groundball, 3D)
Bob Davis scores
Batting: LHB Emílio Sáenz 0-0: Intentional Walk
Batting: LHB Lawrence Washington 0-0: Called Strike
0-1: Ball
1-1: Ball
2-1: Swinging Strike
2-2: Ball
3-2: Base on Balls
Cory Staton to third
Emílio Sáenz to second
Pinch Hitting: LHB Tony Reynolds 0-0: Ball
1-0: Grounds into fielders choice 4-2 (Groundball, 4)
Emílio Sáenz to third
Lawrence Washington to second
Batting: SHB David Henderson 0-0: Called Strike
0-1: Ball
1-1: Ball
2-1: SINGLE (Groundball, 34D)
Emílio Sáenz scores
Lawrence Washington to third
Tony Reynolds to second
Runner from 3rd tries for Home, SAFE, no throw or cutoff
Pitching: RHP Joe Johnson
Batting: RHB Jorge Trevino 0-0: Ball
1-0: Ball
2-0: Called Strike
2-1: Foul Ball, location: 2F
2-2: Foul Ball, location: 2F
2-2: Ball
3-2: Foul Ball, location: 2F
3-2: Fly out, F7 (Flyball, 78M)
Batting: LHB Chris Rice 0-0: Ball
1-0: Swinging Strike
1-1: Ball
2-1: Ground out 1-3 (Groundball, 15)
Bottom of the 7th over - 3 run(s), 3 hit(s), 0 error(s), 2 left on base; Columbus 4 - Athletic Club KC 9
TOP OF THE 8TH
Columbus Tidal Waves batting - Pitching for Athletic Club KC Athletics : RHP Byron Rogers
Pitching: RHP Jeff Krause
Batting: RHB Joseph Pate 0-0: Called Strike
0-1: Foul Ball, location: 2F
0-2: Ball
1-2: Ball
2-2: SINGLE (Line Drive, 56)
Batting: RHB Juan Alvarado 0-0: Called Strike
0-1: Foul Ball, location: 2F
0-2: Ball
1-2: Ball
2-2: Strikes out swinging
Batting: LHB Jon MacIntyre 0-0: Called Strike
0-1: Ball
1-1: Ball
2-1: Ball
3-1: Base on Balls
Joseph Pate to second
Batting: RHB Pepe Gómez 0-0: Called Strike
0-1: Ball
1-1: Fly out, F4 (Popup, 4MD)
Batting: LHB James Murray 0-0: Ball
1-0: Called Strike
1-1: Foul Ball, location: 2F
1-2: Ball
2-2: Foul Ball, location: 2F
2-2: Ball
3-2: Base on Balls
Joseph Pate to third
Jon MacIntyre to second
Batting: RHB Florian Cesaresco 0-0: Ball
1-0: Ball
2-0: Called Strike
2-1: Foul Ball, location: 2F
2-2: Fly out, F9 (Flyball, 89S)
Top of the 8th over - 0 run(s), 1 hit(s), 0 error(s), 3 left on base; Columbus 4 - Athletic Club KC 9
BOTTOM OF THE 8TH
Athletic Club KC Athletics batting - Pitching for Columbus Tidal Waves : RHP Joe Johnson
Batting: RHB Ramón Souza 0-0: Ball
1-0: Ball
2-0: Ball
3-0: Foul Ball, location: 2F
3-1: Foul Ball, location: 2F
3-2: Base on Balls
Batting: LHB Bob Davis 0-0: Called Strike
0-1: Ball
1-1: Ball
2-1: Ball
3-1: DOUBLE (Flyball, 7LD)
Ramón Souza to third
Batting: RHB Cory Staton 0-0: Foul Ball, location: 2F
0-1: Ground out 5-3 (Groundball, 5S)
Pitching: LHP Han-lee Pak
Batting: LHB Emílio Sáenz 0-0: Foul Ball, location: 2F
0-1: Ball
1-1: Ground out 4-3 (Groundball, 4M)
Ramón Souza scores
Bob Davis to third
Batting: LHB Lawrence Washington 0-0: Ball
1-0: Foul Ball, location: 2F
1-1: Swinging Strike
1-2: Strikes out swinging
Bottom of the 8th over - 1 run(s), 1 hit(s), 0 error(s), 1 left on base; Columbus 4 - Athletic Club KC 10
TOP OF THE 9TH
Columbus Tidal Waves batting - Pitching for Athletic Club KC Athletics : RHP Jeff Krause
Batting: LHB Trent Kershaw 0-0: Ball
1-0: Ground out 1-3 (Groundball, 23)
Batting: RHB Joaquín Parra 0-0: Ball
1-0: Called Strike
1-1: Foul Ball, location: 2F
1-2: SINGLE (Line Drive, 89S)
Batting: LHB Han-lee Pak 0-0: Ball
1-0: SINGLE (Groundball, 25) (infield hit)
Joaquín Parra to second
Batting: RHB Joseph Pate 0-0: Ball
1-0: Ball
2-0: Ball
3-0: Called Strike
3-1: Base on Balls
Joaquín Parra to third
Han-lee Pak to second
Batting: RHB Juan Alvarado 0-0: Called Strike
0-1: Fly out, F3 (Popup, 3SF)
Batting: LHB Jon MacIntyre 0-0: Fly out, F7 (Flyball, 7M)
Top of the 9th over - 0 run(s), 2 hit(s), 0 error(s), 3 left on base; Columbus 4 - Athletic Club KC 10
This league is powered by Out of the Park Baseball, the baseball management simulation game for PC, Mac and Linux
Saturday, July 25th, 2015 - OOTP Baseball 15.6 Build 34